cohdb
Replays
Latest Replays
All Replays
Popular Replays
Top Player Replays
Match Explorer
How It Works
Community
CoH3 Stats
Reddit
Sign in to upload your games and track your stats! →
Sign in with Steam
Match 42878734
Unlisted
Match 42878734
Overview
Messages
Build Orders
End
Construct Section Command Post
Selects Air and Sea Battlegroup
Vickers Machine Gun Team
Infantry Section
ML 3-inch Mortar Team
Dingo Light Scout Car
Construct Platoon Command Post
Infantry Section
Selects Commando Section Paradrop
Commando Section Paradrop
6-pounder Anti-tank Gun Team
Selects Supply Surplus
Selects UNKNOWN (223837)
Selects Commando Support Section Paradrop
Hawer MD
Jew
micpop3
|||||||||||||
Masang
Frodo Swaggins
HolmViking
Valar[M]orgHulis
0
0
Comments
sign in to comment!
No comments posted yet!